 Dungeon Crawl Stone Soup version 0.19.5 (webtiles) character file.

531 JeffiDaFish the Shield-Bearer (level 7, -4/44 HPs)
             Began as a Gargoyle Fighter on Sept 27, 2017.
             Slain by michaelg83's ghost (10 damage)
             ... on level 4 of the Dungeon.
             The game lasted 00:09:36 (2686 turns).

JeffiDaFish the Shield-Bearer (Gargoyle Fighter)    Turns: 2686, Time: 00:09:36

Health: -4/44      AC: 17    Str: 20    XL:     7   Next: 24%
Magic:  7/7        EV:  6    Int:  8    God:
Gold:   207        SH: 10    Dex: 11    Spells: 0 memorised, 6 levels left

rFire  . . .     SeeInvis .     a - +1 flail
rCold  . . .     Gourm    .     j - +0 chain mail (curse)
rNeg   + . .     Faith    .     c - +0 shield
rPois  ∞         Spirit   .     (no helmet)
rElec  +         Reflect  .     n - +0 cloak
rCorr  .         Harm     .     g - +0 pair of gloves
MR     .....                    (no boots)
Stlth  ..........               (no amulet)
                                (no ring)
                                (no ring)

@: no status effects
A: claws 1, talons 1, blurry vision 1, negative energy resistance 1, electricity
resistance, unbreathing, petrification resistance, rot immunity, AC +4
a: no special abilities


You were on level 4 of the Dungeon.
You were hungry.

You visited 1 branch of the dungeon, and saw 4 of its levels.

You collected 207 gold pieces.

Inventory:

Hand Weapons
 a - a +1 flail (weapon)
Armour
 c - a +0 shield (worn)
 g - a +0 pair of gloves (worn)
 j - a cursed +0 chain mail (worn)
 n - a +0 cloak (worn)
Scrolls
 e - 2 scrolls of remove curse
 h - a scroll of amnesia
 o - a scroll of identify
 q - a scroll of teleportation
Potions
 i - a potion of flight
 k - 2 potions of resistance
Comestibles
 b - 4 meat rations
 f - 8 bread rations
 l - a beef jerky
 m - 2 fruits
 p - a chunk of flesh


   Skills:
 + Level 4.4 Fighting
 + Level 4.8 Maces & Flails
 + Level 4.9 Armour
 + Level 0.7 Dodging
 + Level 5.2 Shields


You had 6 spell levels left.
You didn't know any spells.

Dungeon Overview and Level Annotations

Branches:
Dungeon (4/15)
 Temple: D:4-7

Altars:
Ashenzari
Vehumet

Annotations:
D:4 michaelg83's ghost, amateur HOFi


Innate Abilities, Weirdness & Mutations

You are resistant to torment.
Your stone body is resilient. (AC +4)
You are immune to poison.
You resist negative energy. (rN+)
You are resistant to electric shocks. (rElec)
You can survive without breathing.
You are immune to petrification.
You are immune to rotting.
You have sharp fingernails.
You have sharp toenails.
Scrolls take you a little longer to read.


Message History

Michaelg83's ghost completely misses you.
You hit michaelg83's ghost but do no damage.
Your kick misses michaelg83's ghost.
Michaelg83's ghost is severely damaged.
You block michaelg83's ghost's attack. x2
You hit michaelg83's ghost but do no damage.
You claw michaelg83's ghost, but do no damage.
Michaelg83's ghost is severely damaged.
You block michaelg83's ghost's attack.
Your shield and chain mail prevent you from hitting michaelg83's ghost.
You claw michaelg83's ghost.
Michaelg83's ghost is severely damaged.
Michaelg83's ghost hits you.
* * * LOW HITPOINT WARNING * * *
Found a sedimented cyan potion.
You are feeling hungry.
Michaelg83's ghost makes a sound of rattling chains.
There is a stone staircase leading up here.
Michaelg83's ghost hits you!
You die...

######## ###### #......#
#....# #.<....# #....# ##
#####......###....## .
....#........#.....##.# .
.##.............@W..#.##..
..###...........##........
..# #........### #....##..
..#########..# #........
.......####..## ##....##..
..............###.....# #
.....#..##............#
................##.......
.###...#...#....##.....#.#


You could see michaelg83's ghost.

Vanquished Creatures
  Sigmund (D:4)
  Purgy (D:4)
  Jessica (D:2)
  Natasha (thrice) (D:2)
  A worker ant (D:4)
  A gnoll (D:2)
  7 adders
  An adder skeleton (D:4)
  5 dart slugs
  5 orcs (D:3)
  3 giant cockroaches
  5 goblins
  12 hobgoblins
  2 kobolds
  5 bats
  6 frilled lizards
  6 rats
65 creatures vanquished.

Notes
Turn   | Place    | Note
-------+----------+-------------------------------------------
     0 | D:1      | JeffiDaFish the Gargoyle Fighter began the quest for the Orb.
     0 | D:1      | Reached XP level 1. HP: 14/14 MP: 1/1
   202 | D:1      | Reached XP level 2. HP: 15/19 MP: 2/2
   448 | D:1      | Reached XP level 3. HP: 24/24 MP: 3/3
   986 | D:2      | Noticed Natasha
   996 | D:2      | Killed Natasha
   996 | D:2      | Reached XP level 4. HP: 8/29 MP: 4/4
  1381 | D:2      | Noticed Jessica
  1388 | D:2      | Killed Jessica
  1388 | D:2      | Reached skill level 4 in Shields
  1432 | D:2      | Gained mutation: Scrolls take you a little longer to read. [potion of mutation]
  1432 | D:2      | Gained mutation: You have sharp toenails. [potion of mutation]
  1432 | D:2      | Gained mutation: You have sharp fingernails. [potion of mutation]
  1450 | D:2      | Noticed Natasha
  1458 | D:2      | Killed Natasha
  1458 | D:2      | Reached XP level 5. HP: 21/33 MP: 5/5
  1464 | D:2      | Noticed Natasha
  1473 | D:2      | Killed Natasha
  1901 | D:3      | Found a faded altar of an unknown god.
  2407 | D:3      | Reached XP level 6. HP: 36/38 MP: 6/6
  2494 | D:4      | Noticed Purgy
  2520 | D:4      | Killed Purgy
  2528 | D:4      | Found a radiant altar of Vehumet.
  2559 | D:4      | Noticed Sigmund
  2562 | D:4      | Found a shattered altar of Ashenzari.
  2570 | D:4      | Killed Sigmund
  2570 | D:4      | Reached skill level 5 in Shields
  2570 | D:4      | Reached XP level 7. HP: 29/44 MP: 7/7
  2632 | D:4      | Noticed michaelg83's ghost (amateur HOFi)
  2658 | D:4      | HP: 2/44 [michaelg83's ghost (5)]
  2686 | D:4      | Slain by michaelg83's ghost

Skill      XL: |  1  2  3  4  5  6 |
---------------+-------------------+-----
Maces & Flails | 3 4 |  4.8
Shields        | 4 5 |  5.2
Armour         | 4 |  4.9
Fighting       | 4 |  4.4
Dodging        | |  0.7

Action                   |  1- 3 |  4- 6 |  7- 9 || total
-------------------------+-------+-------+-------++-------
Melee: Flail             |   107 |   174 |    26 ||   307
       Kick              |       |    32 |    10 ||    42
  Use: Scroll            |     7 |     2 |       ||     9
       Potion            |     2 |     6 |     1 ||     9
  Eat: Chunk             |       |     6 |       ||     6
Armor: Scale mail        |    21 |       |       ||    21
       Chain mail        |    36 |   131 |    11 ||   178
Dodge: Dodged            |    25 |    41 |     3 ||    69
Block: Shield            |    60 |    98 |    11 ||   169
